 Dungeon Crawl Stone Soup version 0.25-a0-194-gece1257 (webtiles) character file.

Game seed: 11328815418080329347, levelgen mode: deterministic

46 Coldstonesans the Firebug (level 3, 0/26 HPs)
             Began as a Draconian Fire Elementalist on Nov 30, 2019.
             Slain by an orc wizard
             ... wielding a +0 dagger
              (5 damage)
             ... on level 2 of the Dungeon.
             The game lasted 00:02:53 (2157 turns).

Coldstonesans the Firebug (DrFE)                    Turns: 2157, Time: 00:02:53

Health: 0/26       AC:  5    Str: 10    XL:     3   Next: 44%
Magic:  3/6        EV: 12    Int: 16    God:
Gold:   70         SH:  0    Dex: 11    Spells: 5/6 levels left

rFire    . . .     SeeInvis .   (no weapon)
rCold    . . .     Gourm    .   (no shield)
rNeg     . . .     Faith    .   (armour unavailable)
rPois    .         Spirit   .   (helmet restricted)
rElec    .         Reflect  .   (no cloak)
rCorr    .         Harm     .   (no gloves)
MR       .....                  (no boots)
Stlth    ++........             (no amulet)
HPRegen  0.08/turn              (no ring)
MPRegen  0.10/turn              (no ring)

@: no status effects
A: unfitting armour, cold-blooded, AC +5
a: no special abilities


You were on level 2 of the Dungeon.
You were hungry.

You visited 1 branch of the dungeon, and saw 2 of its levels.

You collected 70 gold pieces.

Inventory:

Jewellery
 e - an uncursed ring of resist corrosion {unknown}
 f - an uncursed ring of protection from fire {unknown}
Scrolls
 a - a scroll of noise {unknown}
 d - a scroll of fear {unknown}
 g - 3 scrolls of identify {unknown}
Potions
 c - a potion of lignification {unknown}
 h - a potion of might {unknown}
Comestibles
 b - 2 rations


   Skills:
 + Level 2.3 Dodging
 + Level 2.1 Stealth
 + Level 2.3 Spellcasting
 + Level 1.4 Conjurations
 * Level 3.5 Fire Magic


You had 5 spell levels left.
You knew the following spells:

 Your Spells              Type           Power        Failure   Level  Hunger
a - Flame Tongue          Conj/Fire      #....        8%          1    #......

Your spell library contained the following spells:

 Spells                   Type           Power        Failure   Level  Hunger
 Throw Flame              Conj/Fire      #.....       11%         2    ###....
 Conjure Flame            Conj/Fire      #.......     22%         3    ###....
 Inner Flame              Hex/Fire       #.......     28%         3    ###....
 Sticky Flame             Conj/Fire      #.......     58%         4    #####..
 Fireball                 Conj/Fire      #.........   90%         5    ######.


Dungeon Overview and Level Annotations

Branches:
Dungeon (2/15)

Altars:
Hepliaklqana


Innate Abilities, Weirdness & Mutations

Your plain brown scales are hard. (AC +5)
You cannot fit into any form of body armour.
You are cold-blooded and may be slowed by cold attacks.


Message History

The orc misses you.
Casting: Flame Tongue (safe; 8% risk of failure)
Confirm with . or Enter, or press ? or * to list all spells.
Aiming: Flame Tongue (safe; 8% risk of failure)
Press: ? - help, Shift-Dir - straight line, f/p - goblin
Aim: a goblin, wielding a +0 club The flame tongue hits the orc.
The orc is severely wounded.
The orc hits you.
* * * LOW HITPOINT WARNING * * *
Casting: Flame Tongue (safe; 8% risk of failure)
Confirm with . or Enter, or press ? or * to list all spells.
Aiming: Flame Tongue (safe; 8% risk of failure)
Press: ? - help, Shift-Dir - straight line, f/p - goblin
Aim: a goblin, wielding a +0 club The flame tongue hits the orc!
You kill the orc!
The orc throws a poisoned dart.
The poisoned dart closely misses you. Something hits you.
You die...

#.#######.###########
### #.# #.# #.# ####
#.# ..# #.# # #.# #.#
###.#.###(###.#####
......g[@(........#
##....o##.###.###.##
#..#.. #.##....._...
....... #.#.....#.###
. ..... ..##......#
#.#### #####.##### #.
#.# # #.# #+#


You could see an orc and a goblin.

Vanquished Creatures
  A worm (D:2)
  A dart slug (D:1)
  2 leopard geckos
  3 orcs (D:2)
  2 ball pythons (D:1)
  2 giant cockroaches
  4 goblins
  4 hobgoblins
  2 jackals (D:2)
  A quokka (D:2)
  2 bats (D:1)
  3 frilled lizards (D:1)
  4 kobolds
  3 rats
34 creatures vanquished.

Notes
Turn   | Place    | Note
-------+----------+-------------------------------------------
     0 | D:1      | Coldstonesans the Draconian Fire Elementalist began the
                  | quest for the Orb.
     0 | D:1      | Reached XP level 1. HP: 14/14 MP: 3/3
   542 | D:1      | Reached XP level 2. HP: 20/20 MP: 1/5
  1718 | D:2      | Reached XP level 3. HP: 26/26 MP: 0/6
  2099 | D:2      | Found a hazy altar of Hepliaklqana.
  2157 | D:2      | Slain by an orc wizard

Levels and vault maps discovered:
D:1:      wheals_arrival_linesprint, layout_basic,
          hangedman_abyss_or_decor_lesser_grid
D:2:      layout_loops_corners, lemuel_crystal_altar, first_ration

Skill      XL: |  1  2 |
---------------+-------+-----
Dodging        | 2 |  2.3
Stealth        | 2 |  2.1
Spellcasting   | |  2.3
Conjurations   | |  1.4
Fire Magic     | |  3.5

Action                   || total
-------------------------++-------
Melee: Unarmed           ||    95
       Tailslap          ||     5
 Cast: Flame Tongue      ||    59
 Stab: Sleeping          ||     3
  Eat: Ration            ||     1
       Chunk             ||     1
Armor: Skin              ||    33
Dodge: Dodged            ||    86

Table legend:
 A = Non-vault XP
 B = Vault XP
 C = Vault XP percentage of total XP
 D = Non-vault monster count
 E = Vault monster count
 F = Vault count percentage of total count
                 A         B        C        D         E       F
            +---------+---------+-------+---------+---------+-------
      Total |      66 |       0 |   0.0 |      34 |       0 |   0.0
            +---------+---------+-------+---------+---------+-------
        D:1 |      32 |       0 |   0.0 |      20 |       0 |   0.0
        D:2 |      34 |       0 |   0.0 |      14 |       0 |   0.0
            +---------+---------+-------+---------+---------+-------
